Map: Cyber Forest LE

Players

Mez - Winner!

  • Race: Terran Terran
  • League: Master
  • Spawn Location: 11:00

WolfFire

  • Race: Zerg Zerg
  • League: Master
  • Spawn Location: 5:00

VOD

Have the link to the VOD?

Description

Time

  • Played on: Aug. 1, 2019, 3:13 a.m.
  • Length: 12:00
Show
View Real Time Build Order
Export as new Build Order

Mez Terran - Winner!

Build Orders: Reaper Expand 

Get SALT Encoding   

  12  0:01  SCV  
  13  0:13  SCV  
  14  0:17  Supply Depot  
  14  0:25  SCV  
  15  0:38  SCV  
  15  0:39  Barracks  
  16  0:44  Refinery  
  16  0:51  SCV  
  17  1:03  SCV  
  18  1:15  SCV  
  19  1:28  Reaper, Orbital Command  
  20  1:40  Command Center  
  20  1:52  Barracks  
  20  1:55  SCV  
  21  2:02  Barracks Reactor  
  21  2:07  Barracks  
  21  2:13  SCV  
  22  2:15  Supply Depot  
  22  2:25  SCV  
  23  2:38  SCV  
  23  2:39  Marine x2  
  23  2:40  Barracks Tech Lab  
  26  2:54  Orbital Command  
  26  2:56  Barracks Tech Lab  
  26  2:57  Marine  
  26  2:58  Marine x3  
  28  2:59  Combat Shield  
  28  3:03  SCV  
  31  3:15  SCV  
  31  3:16  Marine x4  
  36  3:21  SCV  
  36  3:23  Supply Depot  
  37  3:30  SCV  
  37  3:33  Marine  
  37  3:34  Marine x3  
  42  3:42  Engineering Bay  
  42  3:43  SCV x2  
  42  3:48  Supply Depot  
  44  3:53  Marine x4  
  48  3:57  SCV  
  48  3:58  SCV  
  51  4:10  SCV x2  
  51  4:13  Supply Depot  
  51  4:16  Terran Infantry Weapons Level 1  
  52  4:19  Stimpack  
  52  4:20  Marine x4  
  56  4:24  SCV x2  
  52  4:42  SCV x2  
  52  4:43  Marine x4  
  58  4:46  Command Center  
  58  4:49  Refinery  
  58  4:50  Refinery  
  58  4:52  Factory  
  58  4:54  SCV  
  58  4:55  SCV  
  60  5:01  Marine, Supply Depot  
  60  5:02  Marine  
  60  5:04  Marine  
  60  5:06  SCV  
  64  5:07  SCV  
  64  5:10  Barracks Reactor  
  65  5:18  SCV  
  65  5:19  SCV, Marine x2  
  69  5:26  Barracks  
  69  5:28  Barracks, Supply Depot  
  69  5:31  SCV x2  
  71  5:35  Marine  
  71  5:37  Marine  
  71  5:40  Starport, Factory Reactor  
  73  5:43  SCV x2  
  75  5:51  Marine x3  
  75  5:52  Supply Depot  
  75  5:55  SCV  
  75  5:56  Marine  
  81  5:57  SCV  
  81  6:06  Marine  
  81  6:07  SCV  
  81  6:09  SCV, Marine  
  81  6:10  Terran Infantry Armor Level 1  
  85  6:14  Barracks Reactor  
  85  6:16  Barracks Reactor  
  85  6:19  SCV  
  85  6:21  SCV  
  85  6:22  Orbital Command  
  87  6:29  Supply Depot  
  87  6:31  SCV  
  87  6:32  Factory Reactor  
  88  6:33  SCV  
  88  6:36  Supply Depot  
  85  6:43  SCV  
  85  6:45  SCV  
  84  6:54  Marine, Medivac x2  
  84  6:55  SCV x2, Marine x6  
  84  6:57  SCV  
  96  7:06  Marine x2  
  96  7:07  SCV  
  96  7:08  SCV  
  82  7:09  SCV  
  82  7:12  Marine x3, Supply Depot  
  82  7:13  Widow Mine x2  
  89  7:20  Engineering Bay, Armory  
  89  7:22  Command Center  
  89  7:23  SCV  
  90  7:30  Marine x5  
  90  7:31  Refinery, Marine x2  
  90  7:34  Medivac x2  
  90  7:36  Widow Mine x2  
  105  7:42  Supply Depot  
  105  7:45  Marine x2, Supply Depot  
  107  7:52  Marine x5  
  107  7:54  Barracks  
  107  7:55  Barracks  
  107  7:57  Barracks  
  112  8:11  Marine x9  
  110  8:23  Terran Infantry Armor Level 2, Terran Infantry Weapons Level 2  
  110  8:24  Medivac x2  
  110  8:25  Widow Mine x2  
  118  8:29  Marine x5  
  118  8:30  Supply Depot  
  123  8:34  Supply Depot  
  123  8:47  Widow Mine x2  
  127  8:53  Supply Depot  
  127  8:54  Marine  
  122  9:08  Widow Mine x2  
  124  9:14  Marine  
  124  9:15  Marine x11  
  112  9:19  Medivac x2  
  112  9:23  Factory  
  116  9:29  Widow Mine  
  116  9:30  Widow Mine  
  118  9:32  Marine x4  
  118  9:33  Marine x4  
  118  9:35  Barracks Tech Lab x2  
  118  9:36  Barracks Reactor  
  118  9:37  Marauder  
  127  9:39  SCV  
  127  9:40  SCV  
  129  9:46  Planetary Fortress  
  129  9:48  Refinery  
  129  9:49  Refinery  
  129  9:50  Marine  
  130  9:54  Marine x9  
  130  9:58  Marauder  
  141  10:08  Marine  
  141  10:11  Marine  
  141  10:12  Marine  
  124  10:25  Marine x3  
  124  10:26  Marine x3, Marauder x3  
  124  10:27  Widow Mine x2  
  140  10:30  Factory Tech Lab  
  140  10:32  Liberator x2  
  134  10:38  Marine  
  134  10:39  Marine x2  
  127  10:47  Marauder x2  
  136  10:52  Widow Mine x2  
  136  10:53  Marine x2, Marauder  
  140  10:58  Widow Mine  
  140  11:01  Marine x8  
  150  11:04  SCV x4  
  150  11:06  Command Center  
  150  11:08  Marine x2  
  150  11:10  Marine  
  150  11:11  Marine  
  158  11:14  Marine  
  158  11:16  SCV  
  160  11:19  Marine x5  
  160  11:22  Marine x3  
  168  11:26  Marauder  
  168  11:27  Marauder  
  168  11:28  Marine  
  168  11:32  Marauder  
  165  11:37  Marine x6  
  164  11:40  Marine x3  
Show
View Real Time Build Order
Export as new Build Order

WolfFire Zerg 

Build Orders: Hatch First 

Get SALT Encoding   

  12  0:02  Drone  
  13  0:13  Overlord  
  13  0:17  Drone  
  13  0:20  Extractor  
  13  0:25  Drone  
  15  0:32  Drone  
  16  0:36  Drone  
  17  0:54  Hatchery  
  17  0:57  Drone  
  17  1:00  Drone  
  18  1:10  Extractor  
  17  1:15  Spawning Pool  
  16  1:19  Drone  
  16  1:21  Drone  
  18  1:29  Drone  
  19  1:40  Overlord  
  19  1:51  Drone  
  20  2:01  Queen  
  20  2:04  Zergling x2  
  23  2:12  Drone  
  24  2:17  Hatchery, Metabolic Boost  
  23  2:25  Zergling x2  
  24  2:36  Queen  
  24  2:43  Extractor  
  23  2:50  Queen  
  26  2:51  Drone  
  26  2:52  Drone x3  
  30  3:04  Drone x4  
  34  3:18  Overlord  
  34  3:19  Queen, Extractor  
  35  3:22  Overlord  
  36  3:34  Drone x3  
  38  3:35  Drone x2  
  38  3:37  Queen  
  38  3:40  Drone  
  44  3:53  Drone x3  
  44  3:54  Zergling x2  
  48  3:56  Queen  
  48  3:59  Queen  
  52  4:10  Zergling x10  
  52  4:11  Overlord  
  57  4:17  Overlord x2  
  54  4:38  Zergling x6  
  54  4:39  Zergling x10  
  59  4:52  Zergling x2, Drone  
  61  4:53  Drone x2  
  61  4:54  Drone x4  
  61  4:58  Extractor  
  66  5:00  Extractor  
  66  5:01  Evolution Chamber  
  66  5:14  Drone x4  
  66  5:15  Drone x2  
  66  5:16  Drone  
  66  5:19  Drone x3  
  74  5:23  Baneling Nest  
  74  5:26  Evolution Chamber  
  72  5:39  Drone  
  72  5:40  Drone x7  
  80  5:47  Lair  
  80  5:50  Overlord  
  80  5:51  Overlord x3  
  80  5:53  Zerg Melee Weapons Level 1  
  80  5:56  Zerg Ground Armor Level 1  
  80  6:10  Zergling x2  
  80  6:11  Zergling x16  
  89  6:21  Drone  
  89  6:22  Drone  
  89  6:23  Drone x5  
  89  6:25  Extractor  
  95  6:26  Extractor  
  92  6:34  Hatchery  
  92  6:39  Zergling x2  
  79  6:40  Zergling x12  
  74  6:51  Zergling x2  
  74  6:52  Zergling x8  
  61  7:15  Centrifical Hooks  
  61  7:16  Queen  
  61  7:22  Zergling x2  
  64  7:23  Zergling x18  
  73  7:46  Queen  
  73  7:47  Overlord x3  
  73  7:48  Overlord  
  75  7:52  Drone  
  75  7:53  Spire  
  75  7:56  Baneling  
  75  7:57  Baneling x8  
  75  7:58  Zergling x2  
  76  7:59  Zergling x6  
  79  8:09  Zergling x4  
  79  8:10  Zergling x16  
  88  8:19  Overseer  
  78  8:23  Drone  
  78  8:24  Drone x3  
  78  8:25  Drone  
  78  8:26  Drone x5  
  88  8:36  Baneling  
  88  8:37  Baneling x14  
  88  8:38  Baneling x3  
  88  8:43  Zergling x12  
  94  8:55  Zergling x2  
  92  8:56  Zergling x24  
  80  9:18  Baneling  
  80  9:19  Baneling x11  
  80  9:20  Zergling x18  
  80  9:21  Zergling x4  
  91  9:28  Zerg Melee Weapons Level 2  
  91  9:29  Zerg Ground Armor Level 2  
  88  9:38  Zergling x22  
  93  9:44  Overseer x3  
  93  9:45  Pneumatized Carapace  
  99  9:49  Drone x2  
  101  9:53  Extractor  
  101  9:55  Infestation Pit  
  101  9:57  Overseer  
  99  10:01  Drone x3  
  101  10:08  Zergling x2  
  101  10:09  Zergling x2  
  94  10:20  Zergling x4  
  94  10:21  Zergling x28  
  91  10:22  Baneling  
  91  10:23  Baneling x8  
  104  10:30  Overlord x6  
  92  10:53  Zergling x2  
  92  10:54  Zergling x14  
  92  10:55  Zergling x18  
  104  11:00  Baneling x2  
  104  11:01  Baneling x7  
  103  11:20  Mutalisk x5  
  103  11:21  Mutalisk x4  
  88  11:41  Zergling x2  
  88  11:42  Zergling x28  
  88  11:43  Zergling x4  
Tags
 
Add a new tag
Caveats
  • Supply blocks, unpowered buildings, or Contaminate may cause inaccurate times.
  • Supply counts are checked every 10 seconds.